 Dungeon Crawl Stone Soup version 0.29-a0-1027-gcd8c55af63 (webtiles) character file.

Game seed: 16210225221746360178

11406 Newt the Basher (level 11, -4/80 HPs)
             Began as a Demonspawn Monk on Aug 12, 2022.
             Was a High Priest of Hepliaklqana.
             Killed from afar by a starcursed mass (11 damage)
             ... with an accursed screaming
             ... on level 2 of the Abyss.
             The game lasted 00:32:15 (16113 turns).

Newt the Basher (Demonspawn Monk)                  Turns: 16113, Time: 00:32:15

Health: -4/80      AC: 18    Str: 22    XL:     11   Next: 48%
Magic:  11/11      EV:  8    Int: 12    God:    Hepliaklqana [*****.]
Gold:   845        SH: 10    Dex: 25    Spells: 10/10 levels left

rFire   + . .      SeeInvis .   m - +3 whip (freeze)
rCold   . . .      Faith    +   j - +3 buckler of Impermeability {rF+ Dex+4}
rNeg    . . .      Spirit   .   B - +3 plate armour
rPois   .          Reflect  .   (no helmet)
rElec   .          Harm     .   (no cloak)
rCorr   .          Rampage  .   (no gloves)
Will    .....                   (no boots)
Stlth   ..........              x - amulet of faith
HPRegen 0.23/turn               F - +6 ring of dexterity
MPRegen 0.12/turn               E - +6 ring of strength

@: about to teleport, unable to drink
A: reduced essence, slimy green scales 1, demonic guardian 1, foul stench 2,
weakness stinger 2, screaming 1, inability to drink while threatened 1
a: Renounce Religion, Recall Ancestor, Ancestor Identity, Transference, Idealise


You were on level 2 of the Abyss.
You worshipped Hepliaklqana.
Hepliaklqana was extremely pleased with you.
You visited 2 branches of the dungeon, and saw 12 of its levels.
You visited the Abyss 1 time.

You collected 845 gold pieces.

Inventory:

Hand Weapons
 m - a +3 whip of freezing (weapon)
 y - a +5 trident of freezing
Missiles
 p - 7 poisoned darts (quivered)
Armour
 j - the +3 buckler of Impermeability (worn) {rF+ Dex+4}
   (You found it on level 2 of the Dungeon)

   Dex:       It affects your dexterity (+4).
   rF:        It protects you from fire.
 A - a +0 troll leather armour
 B - a +3 plate armour (worn)
Jewellery
 i - an amulet of magic regeneration
 u - a ring of resist corrosion
 x - an amulet of faith (around neck)
 E - a +6 ring of strength (right hand)
 F - a +6 ring of dexterity (left hand)
Wands
 o - a wand of roots (11)
 t - a wand of light (5)
 G - a wand of paralysis (2)
Scrolls
 e - 4 scrolls of vulnerability
 C - a scroll of teleportation
 D - a scroll of amnesia
Potions
 g - 2 potions of curing
 h - 3 potions of brilliance
 n - a potion of flight
 r - a potion of might
 s - a potion of resistance {unknown}
 v - a potion of attraction
 w - a potion of cancellation {unknown}
Miscellaneous
 q - a tin of tremorstones (inert)


   Skills:
 + Level 9.0 Fighting
 - Level 4.4(7.5) Axes
 * Level 9.4(9.9) Maces & Flails
 + Level 7.6 Armour
 - Level 2.6 Dodging
 - Level 1.7 Stealth
 * Level 7.0 Shields
 - Level 4.0 Evocations


You had 10 spell levels left.
You didn't know any spells.
Your spell library contained the following spells:

 Spells                   Type           Power      Damage    Failure   Level
 Sublimation of Blood     Necr           0%         N/A       100%        2
 Wereblood                Tmut           0%         N/A       100%        2
 Gell's Gravitas          Tloc           0%         N/A       100%        3
 Teleport Other           Tloc           0%         N/A       100%        3
 Alistair's Intoxication  Tmut/Pois      0%         N/A       100%        5
 Borgnjor's Vile Clutch   Necr/Erth      0%         N/A       100%        5
 Dispersal                Tloc           0%         N/A       100%        6
 Eringya's Noxious Bog    Tmut/Pois      0%         N/A       100%        6
 Summon Hydra             Summ           0%         N/A       100%        7


Dungeon Overview and Level Annotations

Branches:
Dungeon (10/15)            Temple (0/1) D:6             Orc (2/2) D:9
    Elf (0/3) Orc:2
   Lair: D:8-11

Altars:
Ashenzari
Dithmenos
Hepliaklqana
Okawaru
Ru
Sif Muna
Uskayaw
Vehumet
Xom

Annotations:
D:3 Pikel
Orc:2 Sonja


Innate Abilities, Weirdness & Mutations

Your life essence is reduced to manifest your ancestor. (-10% HP)
You are partially covered in slimy green scales. (AC +2)
A weak demonic guardian rushes to your aid.
You sometimes emit foul miasma when damaged in melee.
You have a tail ending in a sharp stinger.
You occasionally shout uncontrollably at your foes.
You occasionally lose the ability to drink potions when taking damage.


Message History

The iron shot hits you but does no damage.
A starcursed mass splits.
You hit the ynoxinul but do no damage.
The ynoxinul is severely wounded.
The ynoxinul gestures.
You hit the ynoxinul.
The ynoxinul is almost dead.
You hit the ynoxinul.
The ynoxinul is almost dead.
You block the ufetubus's attack. The ufetubus barely misses you.
A chorus of shrieks assaults your mind. The ynoxinul closely misses you.
You whack the ynoxinul!
You kill the ynoxinul!
The ufetubus disappears in a puff of smoke! x2
Your Shields skill increases to level 7!
A chorus of shrieks assaults your mind.
* * * LOW HITPOINT WARNING * * *
A starcursed mass splits.
A starcursed mass splits. x2
As you read the scroll of teleportation, it crumbles to dust.
You feel strangely unstable.
You feel the power of the Abyss delaying your translocation!
A starcursed mass splits.
A starcursed mass splits.
A deafening chorus of shrieks assaults your mind!
* * * LOW HITPOINT WARNING * * *
Unknown command.
The starcursed mass attacks as you move away!
The starcursed mass completely misses you.
The starcursed mass attacks as you move away!
You block the starcursed mass's attack.
A starcursed mass splits.
A cacophony of accursed wailing tears at your sanity!
* * * LOW HITPOINT WARNING * * *
A demonic guardian appears!
The starcursed mass attacks as you move away!
The starcursed mass touches you but does no damage.
A deafening chorus of shrieks assaults your mind!
You feel threatened and lose the ability to drink potions!
You die...

## # .. ####### ##.
....# ##
####...#..#
###.....#
##@#.X..###
#.XXXXX.....#
#...X..X.....#
#..4#..........
.....#........#.
#.....#.....#.....
##.##.....##....ยง.
....#...### ..._ .
.# .. #. .#


You could see 7 starcursed masses and a friendly ice devil (summoned).

Vanquished Creatures
  A two-headed ogre (D:8)
  Erica (D:9)
  An efreet (D:9)
  Grinder (D:6)
  2 wyverns
  A ynoxinul (Abyss:2)
  A yak (D:9)
  2 steam dragons
  A warg (Orc:1)
  3 water moccasins
  14 orc warriors
  3 ice beasts
  3 ogres
  10 centaurs
  4 lemures
  A phantom (D:7)
  2 gnoll sergeants
  4 bullfrogs
  A necrophage (D:8)
  2 scorpions
  A wight (D:7)
  6 howler monkeys
  6 hounds
  6 jellies
  7 orc priests
  3 gnoll boudas
  Ijyb (D:4)
  Natasha (thrice) (D:2)
  A hexer (Orc:2)
  3 iguanas
  6 orc wizards
  22 gnolls
  7 adders
  3 shadow imps
  A white imp (D:7)
  An ufetubus (D:7)
  2 worms
  A dart slug (D:3)
  31 orcs
  3 bats
  4 endoplasms
  6 giant cockroaches
  7 goblins
  5 hobgoblins
  5 quokkas
  2 ball pythons
  2 frilled lizards
  7 kobolds
  6 rats
216 creatures vanquished.

Vanquished Creatures (collateral kills)
  A two-headed ogre (D:9)
  A manticore (D:9)
  A hornet (D:9)
  A troll (D:7)
  2 yaks (D:9)
  A water moccasin (D:8)
  11 orc warriors
  An ice beast (D:7)
  A centaur (Orc:2)
  A phantom (D:7)
  A gnoll sergeant (D:7)
  A necrophage (D:7)
  3 bullfrogs
  A scorpion (D:7)
  A wight (D:7)
  3 orc priests
  A hound (D:7)
  3 orc wizards
  A white imp (D:6)
  An ufetubus (D:6)
  8 orcs
45 creatures vanquished.

Vanquished Creatures (others)
  4 hexers
  8 plants (D:7)
12 creatures vanquished.

Grand Total: 273 creatures vanquished

Notes
Turn   | Place    | Note
-------+----------+-------------------------------------------
     0 | D:1      | Newt the Demonspawn Monk began the quest for the Orb.
     0 | D:1      | Reached XP level 1. HP: 18/18 MP: 1/1
   238 | D:1      | Gained mutation: You have a small tail. [demonic ancestry]
   238 | D:1      | Reached XP level 2. HP: 21/24 MP: 2/2
   278 | D:1      | Found a faded altar of an unknown god.
  1126 | D:2      | Identified the +3 buckler of Impermeability {rF+ Dex+4}
  1151 | D:2      | Gained mutation: You have a tail ending in a sharp stinger.
                  | [demonic ancestry]
  1151 | D:2      | Reached XP level 3. HP: 20/30 MP: 3/3
  1286 | D:2      | Noticed Natasha
  1294 | D:2      | Killed Natasha
  1298 | D:2      | Gained mutation: You may rarely emit foul miasma when
                  | damaged in melee. [demonic ancestry]
  1298 | D:2      | Reached XP level 4. HP: 25/37 MP: 4/4
  1567 | D:2      | Noticed Natasha
  1587 | D:2      | Killed Natasha
  1728 | D:2      | Noticed Natasha
  1745 | D:2      | Killed Natasha
  2097 | D:2      | Reached XP level 5. HP: 43/43 MP: 5/5
  2328 | D:3      | Reached skill level 1 in Armour
  2873 | D:4      | Noticed Pikel
  2918 | D:4      | Noticed a lemure
  2939 | D:3      | Killed a lemure
  3015 | D:4      | Noticed a lemure
  3019 | D:4      | Noticed a lemure
  3946 | D:4      | Noticed a lemure
  4170 | D:4      | Reached skill level 1 in Maces & Flails
  4176 | D:4      | Killed a lemure
  4194 | D:4      | Killed a lemure
  4229 | D:4      | Killed a lemure
  4611 | D:4      | Noticed an ogre
  4745 | D:4      | Gained mutation: You are partially covered in slimy green
                  | scales. (AC +2) [demonic ancestry]
  4745 | D:4      | Reached XP level 6. HP: 44/49 MP: 6/6
  5003 | D:5      | Entered Level 5 of the Dungeon
  5003 | D:5      | Noticed an ice beast
  5136 | D:4      | Noticed Ijyb
  5140 | D:4      | Paralysed by Ijyb for 2 turns
  5149 | D:4      | Paralysed by Ijyb for 4 turns
  5160 | D:4      | Paralysed by Ijyb for 5 turns
  5166 | D:4      | Killed Ijyb
  5463 | D:4      | Reached XP level 7. HP: 34/55 MP: 7/7
  5567 | D:4      | Reached skill level 5 in Maces & Flails
  6473 | D:5      | Gained mutation: You sometimes emit foul miasma when
                  | damaged in melee. [demonic ancestry]
  6473 | D:5      | Reached XP level 8. HP: 61/61 MP: 8/8
  7054 | D:5      | Found a shadowy altar of Dithmenos.
  7054 | D:5      | Found a shimmering blue altar of Sif Muna.
  7065 | D:5      | Found a radiant altar of Vehumet.
  7069 | D:5      | Found a broken altar of Ashenzari.
  7070 | D:5      | Found an iron altar of Okawaru.
  7073 | D:5      | Found a hide-covered altar of Uskayaw.
  7076 | D:5      | Found a sacrificial altar of Ru.
  7077 | D:5      | Found a hazy altar of Hepliaklqana.
  7094 | D:5      | Became a worshipper of Hepliaklqana the Forgotten
  7094 | D:5      | Reached * piety under Hepliaklqana
  7094 | D:5      | Reached ** piety under Hepliaklqana
  7102 | D:5      | Remembered your ancestor Manelesi as a hexer
  7296 | D:6      | Noticed Grinder
  7304 | D:6      | Paralysed by Grinder for 5 turns
  7320 | D:6      | Killed Grinder
  7321 | D:6      | Reached skill level 5 in Fighting
  7713 | D:6      | Found a staircase to the Ecumenical Temple.
  8802 | D:7      | Reached *** piety under Hepliaklqana
  8954 | D:7      | Noticed a troll
  8958 | D:7      | Killed a troll
  8959 | D:7      | Reached XP level 9. HP: 43/62 MP: 9/9
  9307 | D:7      | Reached skill level 5 in Armour
  9307 | D:7      | Reached skill level 1 in Evocations
 10421 | D:8      | Reached skill level 1 in Shields
 10421 | D:8      | Gained mutation: A weak demonic guardian rushes to your
                  | aid. [demonic ancestry]
 10421 | D:8      | Reached XP level 10. HP: 71/71 MP: 10/10
 10510 | D:8      | Gained mutation: You have hidden genetic defects. [potion
                  | of mutation]
 10510 | D:8      | Gained mutation: Armour fits poorly on your strangely
                  | shaped body. [potion of mutation]
 10510 | D:8      | Gained mutation: You have large cloven feet. [potion of
                  | mutation]
 10567 | D:8      | Reached **** piety under Hepliaklqana
 11037 | D:8      | Lost mutation: You have hidden genetic defects. [potion of
                  | mutation]
 11037 | D:8      | Lost mutation: You have large cloven feet. [potion of
                  | mutation]
 11037 | D:8      | Lost mutation: Armour fits poorly on your strangely shaped
                  | body. [potion of mutation]
 11037 | D:8      | Gained mutation: You occasionally lose the ability to drink
                  | potions when taking damage. [potion of mutation]
 11037 | D:8      | Gained mutation: You occasionally shout uncontrollably at
                  | your foes. [potion of mutation]
 11380 | D:8      | Noticed a two-headed ogre
 11391 | D:8      | Killed a two-headed ogre
 11454 | D:9      | Noticed a manticore
 11461 | D:9      | Killed a manticore
 11519 | D:9      | Noticed Erica
 11529 | D:9      | Killed Erica
 11530 | D:9      | Reached skill level 5 in Shields
 11830 | D:9      | You fall into a shaft and drop 1 floor!
 11830 | D:10     | Entered Level 10 of the Dungeon
 11838 | D:10     | Paralysed by a hornet for 1 turns
 11840 | D:9      | Noticed a two-headed ogre
 11847 | D:9      | Killed a two-headed ogre
 11848 | D:9      | Reached XP level 11. HP: 31/78 MP: 8/11
 12252 | D:9      | Found a staircase to the Orcish Mines.
 12619 | D:9      | Found a shimmering altar of Xom.
 13060 | Orc:1    | Entered Level 1 of the Orcish Mines
 13174 | Orc:2    | Entered Level 2 of the Orcish Mines
 13340 | Orc:2    | HP: 2/78 [centaur/arrow (5)]
 15016 | Orc:2    | Reached ***** piety under Hepliaklqana
 15016 | Orc:2    | Found a staircase to the Elven Halls.
 15047 | Orc:2    | Noticed Sonja
 15048 | Orc:2    | Noticed an orc knight
 16037 | Abyss:2  | Found a corrupted altar of Lugonu.
 16037 | Abyss:2  | Cast into level 2 of the Abyss (Sonja)
 16101 | Abyss:2  | Noticed a starcursed mass
 16110 | Abyss:2  | Found a corrupted altar of Lugonu.
 16113 | Abyss:2  | Killed from afar by a starcursed mass

Illustrated notes

Levels and vault maps discovered:
D:1:      dpeg_arrival_pits, layout_rooms, ebering_ecumenical_altar_abandoned,
          hangedman_feature_mirror
D:2:      layout_basic, uniq_natasha
D:3:      layout_basic, minivault_19, hangedman_decor_points
D:4:      layout_loops_cross, serial_park_tiny_2, minmay_checkerbox, uniq_pikel,
          uniq_ijyb
D:5:      layout_loops_ring, nicolae_overflow_hallway_of_the_gods, minivault_5,
          amcnicky_mini_corridor_feature, minmay_misc_feat_pillars
D:6:      layout_layer_cave, minmay_temple_entry_proselytizer, uniq_grinder
D:7:      nzn_winding_woodlands_three_and_one
          [nzn_winding_woodlands_5x15_parted, nzn_winding_woodlands_5x15_garden,
          nzn_winding_woodlands_5x15_eye,
          nzn_winding_woodlands_center_pierced_h], layout_loops_corners,
          amcnicky_altar_gilded
D:8:      layout_basic, dk_noncrumbling_2
D:9:      layout_small_grid, mainiacjoe_overflow_surrounded_room,
          general_overflow_altar, david_orc_2, serial_rivers,
          chequers_serial_rivers_large_b, chequers_serial_rivers_micro_a,
          chequers_serial_rivers_micro_b, chequers_serial_rivers_small_b,
          uniq_erica
D:10:     layout_rooms, nemelex_diamond_rough_becter
Orc:1:    layout_caves
Orc:2:    st_orc_rangers, layout_diamond_mine, lightli_church_of_beogh,
          uniq_jorgrun, uniq_sonja
Abyss:2:  base:
D:9

Skill      XL: |  1  2  3  4  5  6  7  8  9 10 11 |
---------------+----------------------------------+-----
Axes           | 3 4 |  4.4
Fighting       | 4 5 7 8 9 |  9.0
Armour         | 2 4 5 7 |  7.6
Maces & Flails | 1 3 6 7 8 9 |  9.4
Evocations     | 4 |  4.0
Shields        | 1 5 7 |  7.0
Dodging        | |  2.6
Stealth        | |  1.7

Action                   |  1- 3 |  4- 6 |  7- 9 | 10-12 || total
-------------------------+-------+-------+-------+-------++-------
Melee: Hand axe          |    83 |   163 |       |       ||   246
       Punch             |     1 |       |       |       ||     1
       Tailslap          |     7 |    56 |    70 |    52 ||   185
       Whip              |       |   136 |   373 |   264 ||   773
       Kick              |       |       |       |     8 ||     8
Throw: Dart              |       |     3 |     5 |       ||     8
Invok: Ancestor Life: He |       |       |     1 |       ||     1
       Recall Ancestor   |       |       |       |     3 ||     3
Evoke: Tin of tremorston |       |       |     2 |     2 ||     4
       Wand              |       |       |       |     3 ||     3
  Use: Scroll            |     5 |     9 |     4 |     8 ||    26
       Potion            |       |     4 |     1 |    10 ||    15
 Stab: Sleeping          |     1 |       |       |       ||     1
       Confused          |       |       |    12 |     6 ||    18
       Distracted        |       |       |     5 |     7 ||    12
Armor: Robe              |     6 |       |       |       ||     6
       Leather armour    |    10 |       |       |       ||    10
       Scale mail        |    13 |    96 |    32 |       ||   141
       Plate armour      |       |       |    15 |   134 ||   149
       Troll leather arm |       |       |     7 |       ||     7
Dodge: Dodged            |    50 |   102 |    91 |    88 ||   331
Block: Buckler           |     6 |    90 |    76 |   115 ||   287

Table legend: (Time is in decaauts)
 A = Elapsed time spent in this place.
 B = Non-inter-level travel time spent in this place.
 C = Inter-level travel time spent in this place.
 D = Time resting spent in this place.
 E = Time spent auto-exploring this place.
 F = Levels seen in this place.
 G = Mean time per level.
                   A        B        C        D        E       F      G
               +--------+--------+--------+--------+--------+-----+--------+
         Total |  16020 |  15410 |    610 |   5282 |   7867 |  13 | 1232.3 |
       Dungeon |  12990 |  12389 |    601 |   2883 |   7603 |  10 | 1299.0 |
  Orcish Mines |   2951 |   2943 |      8 |   2339 |    264 |   2 | 1475.5 |
         Abyss |     79 |     79 |      0 |     60 |      0 |   1 |   79.0 |
               +--------+--------+--------+--------+--------+-----+--------+

Top non-repeatable levels by time:
   Orc:1: 2183 daAuts
     D:4: 1714 daAuts
     D:3: 1679 daAuts
     D:9: 1598 daAuts
     D:7: 1565 daAuts
     D:5: 1501 daAuts
     D:2: 1472 daAuts
     D:6: 1460 daAuts
     D:8: 1028 daAuts
     D:1: 960 daAuts
   Orc:2: 768 daAuts
 Abyss:2: 79 daAuts
    D:10: 9 daAuts
